Map: Solaris LE

Players

Subwayeatn

  • Race: Zerg Zerg
  • League: Platinum
  • Spawn Location: 7:00

renatopepin - Winner!

  • Race: Terran Terran
  • League: Diamond
  • Spawn Location: 1:00

VOD

Have the link to the VOD?

Description

Time

  • Played on: Nov. 7, 2023, 11:27 a.m.
  • Length: 12:06
Show
View Real Time Build Order
Export as new Build Order

Subwayeatn Zerg 

Build Orders: Hatch First 

Get SALT Encoding   

  12  0:00  Drone  
  13  0:12  Overlord  
  13  0:19  Drone  
  14  0:30  Drone x2  
  16  0:48  Hatchery  
  15  0:52  Drone  
  15  0:55  Drone  
  17  0:59  Drone  
  17  1:01  Extractor  
  17  1:15  Spawning Pool  
  17  1:18  Drone  
  17  1:22  Drone  
  18  1:28  Drone  
  19  1:38  Drone  
  20  1:50  Overlord  
  20  2:00  Drone  
  22  2:01  Drone  
  22  2:03  Queen  
  22  2:04  Queen  
  26  2:12  Drone x2  
  28  2:24  Zergling x4  
  30  2:30  Extractor  
  30  2:32  Zergling x4  
  31  2:38  Extractor  
  30  2:49  Overlord  
  32  3:01  Metabolic Boost  
  32  3:07  Queen  
  32  3:09  Drone x2  
  32  3:10  Overlord  
  36  3:13  Overlord  
  36  3:29  Drone x6  
  42  3:38  Drone x2  
  44  3:44  Drone x2  
  46  3:50  Queen  
  46  3:53  Lair  
  48  3:59  Zergling x2  
  48  4:00  Zergling x6  
  52  4:07  Hatchery  
  49  4:32  Evolution Chamber  
  49  4:33  Evolution Chamber  
  49  4:34  Drone x3  
  50  4:43  Extractor  
  50  4:44  Drone x3  
  52  4:46  Overlord  
  52  4:47  Overlord  
  52  4:58  Pneumatized Carapace  
  52  5:03  Hydralisk Den  
  51  5:07  Baneling Nest  
  51  5:11  Zergling x4  
  51  5:15  Queen  
  51  5:18  Extractor  
  51  5:19  Extractor  
  51  5:21  Drone x3  
  50  5:36  Queen  
  50  5:39  Zerg Missile Weapons Level 1  
  52  5:44  Zergling x4  
  52  5:46  Drone x11  
  52  5:47  Drone  
  52  5:49  Spine Crawler  
  56  6:07  Zergling x12  
  48  6:21  Spore Crawler  
  41  6:29  Drone x6  
  41  6:31  Overseer  
  47  6:36  Queen  
  47  6:39  Zerg Melee Weapons Level 1  
  49  6:42  Drone x3  
  49  6:46  Spine Crawler  
  51  6:47  Spore Crawler  
  51  6:50  Centrifugal Hooks  
  50  6:55  Queen  
  50  6:59  Drone x3  
  50  7:00  Drone x2  
  57  7:03  Drone  
  57  7:04  Drone x2  
  57  7:07  Drone x2  
  63  7:08  Drone x3  
  63  7:10  Drone x4  
  69  7:15  Grooved Spines  
  68  7:32  Queen x2  
  68  7:35  Drone  
  68  7:37  Overlord  
  73  7:38  Overseer  
  73  7:40  Overseer  
  73  7:43  Overseer  
  73  7:54  Queen  
  73  7:57  Overseer  
  75  7:59  Overlord  
  75  8:08  Queen  
  75  8:09  Burrow  
  77  8:16  Drone x3, Spine Crawler  
  77  8:18  Drone x9  
  77  8:19  Drone  
  89  8:22  Extractor  
  89  8:24  Drone  
  89  8:25  Infestation Pit  
  89  8:27  Zerg Missile Weapons Level 2  
  88  8:29  Overlord x3  
  88  8:30  Overlord  
  88  8:36  Zergling x2  
  89  8:50  Drone  
  89  8:54  Hydralisk  
  89  8:55  Extractor, Hydralisk x9  
  91  8:59  Baneling x3  
  109  9:08  Drone x3  
  112  9:12  Drone x2, Spine Crawler  
  112  9:14  Spine Crawler  
  112  9:18  Drone x2  
  112  9:19  Spine Crawler x2  
  112  9:29  Baneling x8, Spire  
  112  9:30  Zergling x2  
  112  9:31  Zergling x20  
  119  9:48  Spine Crawler  
  119  9:49  Drone x2  
  119  9:50  Drone  
  119  9:51  Spine Crawler  
  119  9:52  Drone  
  121  9:57  Spore Crawler  
  121  9:59  Zergling x4  
  122  10:01  Overlord x4  
  122  10:02  Overlord  
  122  10:07  Hive  
  122  10:23  Baneling x5  
  122  10:24  Zergling x4  
  122  10:25  Zergling x8  
  122  10:27  Zergling x6, Extractor  
  130  10:31  Extractor  
  129  10:45  Zergling x20  
  129  10:59  Overlord x2  
  129  11:00  Zergling x2  
  129  11:01  Zergling x4  
  129  11:03  Baneling x4  
  129  11:04  Baneling x4  
  132  11:14  Overlord x3  
  103  11:29  Zergling x20  
  95  11:38  Zergling x4  
  93  11:44  Zergling x2  
  93  11:45  Zergling x4  
  91  11:48  Baneling  
  91  11:49  Baneling x11  
Show
View Real Time Build Order
Export as new Build Order

renatopepin Terran - Winner!

Build Orders: Liberator Opening, Reaper Expand 

Get SALT Encoding   

  12  0:00  SCV  
  13  0:13  SCV  
  14  0:17  Supply Depot  
  14  0:25  SCV  
  15  0:39  SCV  
  15  0:40  Barracks  
  16  0:46  Refinery  
  16  0:51  SCV  
  17  1:03  SCV  
  18  1:15  SCV  
  19  1:27  Orbital Command  
  19  1:28  Reaper  
  20  1:45  Command Center  
  20  1:55  SCV  
  20  2:00  Marine  
  22  2:07  Supply Depot  
  22  2:10  Factory, SCV  
  23  2:28  SCV  
  24  2:40  SCV  
  25  2:52  Barracks Reactor, Command Center  
  25  2:53  SCV  
  25  2:57  Orbital Command  
  27  3:05  SCV  
  27  3:08  Refinery  
  29  3:13  Hellion  
  29  3:17  Starport  
  29  3:18  SCV  
  30  3:37  SCV  
  31  3:42  Hellion x2  
  35  3:51  SCV  
  35  3:52  SCV  
  35  3:55  Liberator, Barracks Tech Lab  
  40  4:03  SCV  
  40  4:05  SCV  
  41  4:23  Hellion x2  
  45  4:25  Marine  
  45  4:30  Orbital Command  
  45  4:35  SCV x2  
  47  4:43  Supply Depot  
  47  4:47  SCV, Engineering Bay  
  47  4:49  Engineering Bay  
  48  4:59  SCV x3  
  51  5:06  Factory Tech Lab, Supply Depot  
  51  5:15  SCV x2  
  53  5:33  Starport Reactor, SCV x2  
  53  5:34  Marine  
  53  5:35  Siege Tank, Stimpack  
  55  5:41  Barracks  
  59  5:42  SCV  
  59  5:43  Barracks  
  59  5:44  Barracks  
  59  5:45  Barracks x2, SCV x2  
  59  5:46  Barracks x2, Terran Infantry Armor Level 1  
  61  5:55  SCV  
  62  5:57  SCV  
  62  6:02  SCV  
  62  6:03  Terran Infantry Weapons Level 1  
  64  6:06  Refinery  
  64  6:07  Refinery  
  57  6:23  SCV x3  
  58  6:27  Siege Tank  
  57  6:35  Supply Depot, SCV x2  
  57  6:36  Barracks Reactor x3, Supply Depot x2  
  57  6:37  Barracks Reactor  
  57  6:39  Barracks Reactor  
  59  6:46  Marauder  
  61  6:47  Medivac  
  61  6:53  SCV x2  
  65  6:55  Barracks Reactor  
  65  7:02  Marine x2  
  67  7:09  Orbital Command  
  67  7:13  Marine  
  67  7:14  Widow Mine  
  70  7:19  Armory, Marine  
  70  7:20  Marine x7  
  78  7:26  Combat Shield  
  78  7:30  Marine  
  79  7:37  Marine  
  79  7:40  SCV x2  
  79  7:41  SCV  
  83  7:48  Marine  
  83  7:49  Marine  
  83  7:50  Marine x5, Supply Depot x2  
  83  7:51  Marine x3  
  93  7:52  SCV  
  93  7:53  SCV x2  
  96  8:06  SCV x3  
  96  8:11  Marine  
  96  8:12  Marine x10  
  104  8:14  Widow Mine  
  104  8:15  Medivac  
  104  8:16  Medivac  
  104  8:18  SCV  
  117  8:20  Terran Infantry Weapons Level 2, Terran Infantry Armor Level 2  
  117  8:24  Supply Depot  
  117  8:25  Supply Depot  
  117  8:28  Supply Depot  
  117  8:30  Refinery  
  117  8:31  Refinery  
  117  8:42  Terran Vehicle Weapons Level 1, Missile Turret  
  117  8:44  Missile Turret  
  117  8:46  Medivac, Marine x7, SCV x3  
  117  8:48  Barracks  
  129  8:49  Barracks  
  129  8:58  SCV x2, Marine x4  
  129  8:59  Siege Tank  
  138  9:04  Marine x2  
  138  9:08  SCV  
  141  9:23  Supply Depot  
  141  9:24  Supply Depot  
  141  9:25  Supply Depot  
  141  9:33  Marine  
  141  9:34  Marine  
  141  9:42  Marine  
  141  9:44  Marine, SCV x3  
  141  9:45  Siege Tank, Marine x10, Marauder  
  157  9:55  Barracks Tech Lab x2  
  155  10:01  Command Center  
  155  10:06  Marauder  
  157  10:11  Command Center  
  157  10:16  Factory, Command Center  
  157  10:21  Factory  
  157  10:23  Marine  
  157  10:24  Marauder x2  
  157  10:28  Marauder  
  164  10:33  Marine  
  165  10:35  Marine  
  165  11:01  Marine  
  165  11:02  Factory Tech Lab  
  165  11:05  Factory Tech Lab  
  165  11:12  Marine x9  
  165  11:13  Marauder x3  
  142  11:30  SCV  
  142  11:31  Marine, SCV x2  
  142  11:32  Marine x13  
  153  11:33  Siege Tank x3  
  153  11:34  Marauder x3, Medivac x2  
  161  11:42  SCV  
  161  11:43  SCV x2  
Tags
 
Add a new tag
Caveats
  • Supply blocks, unpowered buildings, or Contaminate may cause inaccurate times.
  • Supply counts are checked every 10 seconds.